 Dungeon Crawl Stone Soup version 0.31.0-12-g77e489cdc1 (webtiles) character file.

Game seed: 7531896155275911143

133 Gadfly the Shield-Bearer (level 5, -3/42 HPs)
             Began as a Formicid Fighter on Mar 1, 2024.
             Slain by an ogre
             ... wielding a +0 giant spiked club
              (6 damage)
             ... on level 4 of the Dungeon.
             The game lasted 00:04:40 (2457 turns).

Gadfly the Shield-Bearer (Formicid Fighter)         Turns: 2457, Time: 00:04:40

Health: -3/42      AC: 10    Str: 19 (21) XL:     5   Next: 40%
Magic:  6/6        EV:  7    Int:  6 (7)  God:
Gold:   1634       SH: 10    Dex: 12 (15) Spells: 4/4 levels left

rFire   . . .        a - +1 war axe
rCold   . . .        c - +0 buckler
rNeg    . . .        n - +1 chain mail
rPois   .            (helmet unavailable)
rElec   .            (no cloak)
rCorr   .            (no gloves)
SInv    +            (no boots)
Will    .....        m - amulet of reflection Stlth
                     (no ring)
HPRegen 0.27/turn    (no ring)
MPRegen 0.10/turn

%: reflection
@: no status effects
A: permanent stasis, dig shafts and tunnels, antennae 3, four strong arms
a: Dig, Shaft Self


You were on level 4 of the Dungeon.
You visited 1 branch of the dungeon, and saw 4 of its levels.

You collected 1634 gold pieces.

Inventory:

Hand Weapons
 a - a +1 war axe (weapon)
Armour
 c - a +0 buckler (worn)
 n - a +1 chain mail (worn)
Jewellery
 m - an amulet of reflection (around neck)
Scrolls
 h - a scroll of fear
 i - a scroll of enchant weapon
Potions
 d - a potion of might
 e - a potion of mutation
 l - a potion of curing {unknown}


   Skills:
 + Level 3.6 Fighting
 * Level 3.0 Axes
 + Level 3.8 Armour
 + Level 4.4 Shields
 * Level 2.4 Invocations
 * Level 2.0 Evocations


You had 4 spell levels left.
You didn't know any spells.
Your spell library contained the following spells:

 Spells                   Type           Power      Damage    Failure   Level
 Freeze                   Ice            0%         1d3       99%         1
 Frozen Ramparts          Ice            0%         1d1       100%        3
 Hailstorm                Conj/Ice       0%         3d5       100%        3


Dungeon Overview and Level Annotations

Branches:
Dungeon (4/15)
 Temple: D:4-7

Altars:

Shops:
D:1 :


Innate Abilities, Weirdness & Mutations

You cannot be hasted, slowed, berserked, paralysed or teleported.
You can dig through walls and to a lower floor.
You have a pair of large antennae on your head. (SInv)
Your four strong arms can wield two-handed weapons with a shield.


Message History

You now have 1634 gold pieces (gained 9).
You feel your willpower return.
Found a stone staircase leading down.
No target in view!
There is a stone staircase leading down here.
An ogre comes into view. It is wielding a +0 giant spiked club.
An ogre is nearby!
An endoplasm comes into view.
The ogre hits you with a +0 giant spiked club!
You hit the ogre.
The ogre is lightly wounded.
You slash the ogre!
The ogre is moderately wounded.
You block the ogre's attack.
You hit the ogre.
The ogre is heavily wounded.
You block the ogre's attack.
You slash the ogre!
The ogre is severely wounded.
The ogre hits you with a +0 giant spiked club!!
Ouch! That really hurt!
* * * LOW HITPOINT WARNING * * *
You are too injured to fight recklessly!
You are too injured to fight recklessly!
You are too injured to fight recklessly!
You are too injured to fight recklessly!
You are too injured to fight recklessly!
You are too injured to fight recklessly!
You are too injured to fight recklessly!
You are too injured to fight recklessly!
You are too injured to fight recklessly!
You are too injured to fight recklessly!
You are too injured to fight recklessly!
You are too injured to fight recklessly!
You are too injured to fight recklessly!
Unknown command.
It was a potion of berserk rage.
Your stasis prevents you from going berserk.
The ogre hits you with a +0 giant spiked club.
You die...

# ###########
..#.#.########...>.....#
#....JO@...........###.#
..#.#.########.###.# #.#
.. #.# #.# #.# ... #.#
#.# #.# #.# #.# #.# #.#
. #.# #.# #.#
#.###.###.# #.........#
#####.#####


You could see an ogre and an endoplasm.

Vanquished Creatures
  Terence (D:3)
  A gnoll (D:1)
  3 adders (D:3)
  4 dart slugs
  4 orcs (D:3)
  8 endoplasms
  2 giant cockroaches
  4 goblins
  6 hobgoblins
  3 jackals (D:3)
  3 quokkas
  3 ball pythons
  3 bats
  6 frilled lizards
  3 kobolds
  5 rats
59 creatures vanquished.

Notes
Turn   | Place    | Note
-------+----------+-------------------------------------------
     0 | D:1      | Gadfly the Formicid Fighter began the quest for the Orb.
     0 | D:1      | Reached XP level 1. HP: 18/18 MP: 1/1
   102 | D:1      | Reached XP level 2. HP: 24/24 MP: 2/2
   154 | D:1      | Reached skill level 1 in Invocations
   203 | D:1      | Reached skill level 1 in Evocations
   203 | D:1      | Reached XP level 3. HP: 29/29 MP: 3/3
   443 | D:1      | Found Usiejui's Book Emporium.
   792 | D:1      | Identified a scroll of acquirement
   892 | D:1      | Acquired 654 gold pieces
  1005 | D:2      | Reached XP level 4. HP: 34/35 MP: 5/5
  1819 | D:3      | Noticed Terence
  1827 | D:3      | Killed Terence
  1828 | D:3      | Reached XP level 5. HP: 32/40 MP: 6/6
  1892 | D:3      | Acquired 865 gold pieces
  2449 | D:4      | Noticed an ogre
  2456 | D:4      | HP: 2/42 [ogre/+0 giant spiked club (27)]
  2457 | D:4      | Slain by an ogre

Illustrated notes

Levels and vault maps discovered:
D:1:      lightli_arrival_maybe_door_vault, layout_loops_ring, serial_shops,
          shop
D:2:      layout_rooms
D:3:      layout_loops_ring, serial_glass, glass_columns_a, glass_columns_a,
          uniq_terence
D:4:      layout_loops_corners, minmay_temple_entry_glass,
          roderic_serpentine_path, kennysheep_opposing_triangles

Skill      XL: |  1  2  3  4  5 |
---------------+----------------+-----
Invocations    | 1 2 |  2.4
Evocations     | 1 2 |  2.0
Axes           | 3 |  3.0
Fighting       | |  3.6
Armour         | |  3.8
Shields        | |  4.4

Action                     |  1- 3 |  4- 6 || total
---------------------------+-------+-------++-------
  Melee: War axe           |    67 |    86 ||   153
Ability: Dig               |       |     1 ||     1
    Use: Scroll            |     3 |     7 ||    10
         Potion            |       |     3 ||     3
 Armour: Scale mail        |    36 |    18 ||    54
         Chain mail        |       |    22 ||    22
  Dodge: Dodged            |    28 |    24 ||    52
  Block: Buckler           |     9 |    37 ||    46
